 Dungeon Crawl Stone Soup version 0.21-a0-260-g9b2435e (webtiles) character file.

5796 Manul the Slasher (level 10, -12/77 HPs)
             Began as a Demonspawn Assassin on Sept 7, 2017.
             Was an Initiate of Gozag.
             Killed by the air
             ... invoked by Gastronok
              (20 damage)
             ... on level 8 of the Dungeon.
             The game lasted 00:14:07 (11599 turns).

Manul the Slasher (Demonspawn Assassin)            Turns: 11599, Time: 00:14:07

Health: -12/77     AC:  5    Str: 12    XL:     10   Next: 50%
Magic:  10/10      EV: 15    Int: 12    God:    Gozag
Gold:   863        SH:  0    Dex: 23    Spells: 9/9 levels left

rFire    . . .     SeeInvis .   N - +3 long sword (freeze)
rCold    + + .     Gourm    .   (no shield)
rNeg     . . .     Faith    .   F - +0 leather armour {rC+}
rPois    .         Spirit   .   m - +0 helmet
rElec    .         Reflect  .   d - +0 cloak
rCorr    .         Harm     .   (no gloves)
MR       .....                  (no boots)
Stlth    ++........             (no amulet)
HPRegen  0.22/turn              p - +5 ring of dexterity
MPRegen  0.12/turn              A - ring of loudness (curse)

@: heavily drained
A: claws 1, talons 1, cold resistance 1, powered by death 2, freezing cloud
immunity
a: Potion Petition, Call Merchant, Bribe Branch, Renounce Religion


You were on level 8 of the Dungeon.
You worshipped Gozag.
Gozag was pleased with you.
You were not hungry.

You visited 2 branches of the dungeon, and saw 9 of its levels.

You collected 964 gold pieces.
You paid 101 gold pieces to Gozag.

Inventory:

Hand Weapons
 a - a +3 dagger
 b - a +0 blowgun
 c - a +3 scimitar of freezing
 j - a +2 dagger of venom
 v - a +2 great sword of freezing
 N - a +3 long sword of freezing (weapon)
Missiles
 e - 35 poisoned needles
Armour
 d - a +0 cloak (worn)
 l - a +0 ring mail
 m - a +0 helmet (worn)
 F - a +0 leather armour of cold resistance (worn)
 J - a +0 buckler
Jewellery
 p - a +5 ring of dexterity (left claw)
 q - an uncursed ring of resist corrosion
 r - an uncursed ring of positive energy
 A - a cursed ring of loudness (right claw)
Wands
 o - a wand of acid (0/15)
 y - a wand of flame (30/48)
 L - a wand of paralysis (7/24)
 O - a wand of flame (4/48)
Scrolls
 k - 3 scrolls of teleportation {unknown}
 t - a scroll of blinking
 u - a scroll of fog {unknown}
 x - a scroll of fear
 z - 5 scrolls of amnesia {unknown}
 G - a scroll of recharging {unknown}
 H - a scroll of immolation {unknown}
 I - a scroll of enchant armour {unknown}
Potions
 h - a potion of might {unknown}
 n - 3 potions of lignification
 s - 7 potions of degeneration
 w - a potion of agility
 B - a potion of curing
 C - a potion of ambrosia
 E - 2 potions of heal wounds
 K - a potion of invisibility {unknown}
 M - a potion of brilliance
Books
 R - a book of Cantrips

   Spells                             Type                      Level
   a - Confusing Touch                Hexes                        1
   b - Animate Skeleton               Necromancy                   1
   c - Summon Small Mammal            Summoning                    1
   d - Apportation                    Translocation                1
Comestibles
 g - a bread ration
 i - 4 royal jellies
 P - 24 fruits
 Q - a meat ration


   Skills:
 + Level 6.3(5.1) Fighting
 + Level 5.7(6.3) Short Blades
 + Level 7.7(7.3) Long Blades
 - Level 1.9(0.8) Throwing
 + Level 5.3(4.1) Armour
 + Level 5.8(4.6) Dodging
 + Level 6.2(5.0) Stealth
 + Level 1.0(0.0) Evocations


You had 9 spell levels left.
You didn't know any spells.

Dungeon Overview and Level Annotations

Branches:
Dungeon (8/15)             Temple (1/1) D:7
   Lair: D:8-11

Altars:
Ashenzari
Cheibriados
Dithmenos
Elyvilon
Fedhas
Gozag
Hepliaklqana
Kikubaaqudgha
Makhleb
Nemelex Xobeh
Okawaru
Qazlal
Ru
Sif Muna
Trog
Uskayaw
Vehumet
Wu Jian
Xom
Zin

Annotations:
D:8 Gastronok


Innate Abilities, Weirdness & Mutations

You have sharp fingernails.
You have sharp toenails.
Your flesh is cold resistant. (rC+)
You regenerate health from kills.
You are immune to freezing clouds.


Message History

You slash Gastronok! You freeze Gastronok.
Gastronok is almost dead.
The iguana bites you.
You hit Gastronok. You freeze Gastronok. You claw Gastronok, but do no damage.
Gastronok is almost dead.
The iguana bites you. Gastronok bites you but does no damage.
You hit Gastronok but do no damage. You claw Gastronok, but do no damage.
Gastronok is almost dead.
The iguana bites you!
You hit Gastronok but do no damage. You claw Gastronok.
Gastronok is almost dead.
The iguana barely misses you. Gastronok bites you!!
* * * LOW HITPOINT WARNING * * *
The iguana misses you.
Unknown command.
The iguana hisses menacingly.
Gastronok waves his eye-stalks in wide circles.
The air twists around and strikes you!
You die...
Your body crumbles into a pile of gold.

# #......... ##...
###############?.........####....
.........<..w..$..>..............
.##############......... ##.[..(
.#####<.....>.(.w....... #.....
.....#........##.......# ##....
####.#........##.##.#### ##... #
#..[.......##l# # #...
##.........##@#.. ##..
###....#####.#.# #(.
###.....#..#.# ##.. ###.#.#.##.#
###... #.#....#.# #.....
######...##.#.# ##.....
#(..##..###.#.########...P..
#.......# #...##............
#...###.# ##.....#######.#.#


You could see Gastronok and an iguana.

Vanquished Creatures
  2 two-headed ogres (D:6)
  Psyche (D:8)
  Menkaure (D:6)
  A hornet zombie (D:6)
  3 orc warriors
  2 ogres
  A phantom (D:6)
  A necrophage (D:3)
  3 centaurs
  2 big kobolds (D:7)
  3 bullfrogs
  A gnoll sergeant (D:5)
  2 scorpions
  9 wights
  A jelly (D:5)
  2 howler monkeys (D:5)
  A centaur zombie (D:8)
  10 hounds
  7 orc priests
  A centaur skeleton (D:8)
  7 orc wizards
  Ijyb (D:4)
  5 gnoll shamans (D:5)
  2 bullfrog skeletons
  An iguana (D:4)
  10 worker ants
  A killer bee zombie (D:5)
  A hound skeleton (D:6)
  53 gnolls
  A worker ant zombie (D:7)
  16 adders
  3 shadow imps
  An ooze (D:6)
  An adder zombie (D:7)
  2 adder skeletons
  3 worms
  3 dart slugs
  3 leopard geckos
  25 orcs
  2 giant cockroaches
  14 goblins
  6 hobgoblins
  27 jackals
  10 kobolds
  3 quokkas
  3 ball pythons
  14 bats
  6 frilled lizards
  A quokka skeleton (D:6)
  10 rats
289 creatures vanquished.

Notes
Turn   | Place    | Note
-------+----------+-------------------------------------------
     0 | D:1      | Manul the Demonspawn Assassin began the quest for the Orb.
     0 | D:1      | Reached XP level 1. HP: 16/16 MP: 1/1
   192 | D:1      | Gained mutation: You regenerate a little health from kills. [demonic ancestry]
   192 | D:1      | Reached XP level 2. HP: 18/22 MP: 2/2
   368 | D:1      | Reached skill level 1 in Dodging
   916 | D:2      | Reached XP level 3. HP: 27/27 MP: 3/3
  1742 | D:2      | Gained mutation: Your flesh is cold resistant. (rC+) [demonic ancestry]
  1742 | D:2      | Reached XP level 4. HP: 33/33 MP: 4/4
  2118 | D:2      | Reached skill level 1 in Armour
  2230 | D:2      | Found a shimmering altar of Xom.
  2552 | D:3      | Gained mutation: You have sharp toenails. [demonic ancestry]
  2552 | D:3      | Reached XP level 5. HP: 28/39 MP: 5/5
  2910 | D:3      | Noticed a necrophage
  2930 | D:3      | Killed a necrophage
  2930 | D:3      | Reached XP level 6. HP: 36/46 MP: 6/6
  3175 | D:3      | Found a sparkling altar of Nemelex Xobeh.
  3393 | D:4      | Noticed an orc warrior
  3413 | D:4      | You fall through a shaft for 2 floors!
  3833 | D:6      | Reached skill level 5 in Stealth
  4087 | D:5      | Entered Level 5 of the Dungeon
  4150 | D:5      | Killed an orc warrior
  4150 | D:5      | Reached XP level 7. HP: 26/52 MP: 7/7
  4679 | D:5      | Found a deep blue altar of Sif Muna.
  5282 | D:4      | Noticed Ijyb
  5300 | D:4      | Killed Ijyb
  5300 | D:4      | Gained mutation: You have sharp fingernails. [demonic ancestry]
  5300 | D:4      | Reached XP level 8. HP: 44/59 MP: 8/8
  5681 | D:7      | Reached skill level 5 in Short Blades
  6308 | D:6      | Noticed a two-headed ogre
  6321 | D:6      | Killed a two-headed ogre
  6321 | D:6      | Reached skill level 5 in Fighting
  6321 | D:6      | Reached skill level 3 in Long Blades
  6321 | D:6      | Gained mutation: You regenerate health from kills. [demonic ancestry]
  6321 | D:6      | Reached XP level 9. HP: 38/68 MP: 9/9
  6525 | D:6      | Noticed Menkaure
  6533 | D:6      | Killed Menkaure
  6533 | D:6      | Reached skill level 1 in Evocations
  7278 | D:5      | Reached skill level 4 in Long Blades
  7521 | D:7      | Found a stormy altar of Qazlal.
  7898 | D:7      | Reached skill level 5 in Long Blades
  8028 | D:7      | Found a staircase to the Ecumenical Temple.
  8037 | Temple   | Entered the Ecumenical Temple
  8212 | Temple   | Became a worshipper of Gozag Ym Sagoz the Greedy
  8384 | D:5      | Reached skill level 5 in Dodging
  8693 | D:5      | Reached skill level 6 in Long Blades
  9432 | D:8      | Gained mutation: You are immune to freezing clouds. [demonic ancestry]
  9432 | D:8      | Reached XP level 10. HP: 76/76 MP: 10/10
  9474 | D:8      | Noticed a two-headed ogre
  9507 | D:6      | Killed a two-headed ogre
  9507 | D:6      | Reached skill level 5 in Armour
  9566 | D:6      | Reached skill level 7 in Long Blades
 10090 | D:6      | HP: 3/76 [wight/long sword of freezing (10)]
 10979 | D:8      | Noticed Gastronok
 10979 | D:8      | Noticed Psyche
 10989 | D:8      | Killed Psyche
 11599 | D:8      | Killed from afar by Gastronok

Vault maps used:
D:1:      elethiomel_arrival_maze, minivault_4, fountainhead, minmay_hexomino_f4
D:2:      lemuel_round_altar, grunt_ministairs_11
D:3:      grunt_ministairs_1, nemelex_lonely_heart_becter
D:4:      kennysheep_the_goblin_king, first_bread, serial_bayou_ford_a
D:5:      lemuel_castle_with_subvaults, basic_altar, feat_on_display
D:6:      uniq_menkaure
D:7:      temple_hall, grunt_qazlal_sundering
D:8:      blue_anna_alchemist, uniq_gastronok, uniq_psyche
Temple:   minmay_crystal_snake_temple

Skill      XL: |  1  2  3  4  5  6  7  8  9 10 |
---------------+-------------------------------+-----
Stealth        | 4 5 6 |  6.2
Dodging        | 1 2 4 5 |  5.8
Short Blades   | 2 3 4 5 |  5.7
Armour         | 1 2 4 5 |  5.3
Fighting       | 3 5 6 |  6.3
Long Blades    | 3 6 7 |  7.7
Evocations     | 1 |  1.0
Throwing       | |  1.9

Action                   |  1- 3 |  4- 6 |  7- 9 | 10-12 || total
-------------------------+-------+-------+-------+-------++-------
Melee: Dagger            |   139 |   191 |   230 |       ||   560
       Kick              |       |    36 |   170 |    79 ||   285
       Scimitar          |       |       |   261 |    47 ||   308
       Long sword        |       |       |       |   126 ||   126
 Fire: Blowgun           |     2 |    20 |     6 |     2 ||    30
Evoke: Wand              |       |       |     3 |       ||     3
  Use: Scroll            |       |     4 |     3 |     4 ||    11
       Potion            |       |     2 |     3 |       ||     5
 Stab: Sleeping          |     8 |     4 |     4 |       ||    16
       Paralysed         |       |       |     2 |       ||     2
       Distracted        |       |       |     1 |     2 ||     3
  Eat: Chunk             |     3 |     7 |     9 |       ||    19
       Bread ration      |       |       |     1 |     1 ||     2
       Meat ration       |       |       |     1 |       ||     1
       Royal jelly       |       |       |     1 |       ||     1
Armor: Robe              |     9 |       |       |       ||     9
       Ring mail         |    85 |    79 |       |       ||   164
       Leather armour    |       |       |   106 |    37 ||   143
       Skin              |       |       |    41 |       ||    41
Dodge: Dodged            |   118 |   125 |   347 |   132 ||   722
       Rpst.: Scimitar   |       |       |    59 |    10 ||    69
       Long sword        |       |       |       |    19 ||    19

Table legend:
 A = Spawn XP
 B = Non-spawn XP
 C = Spawn XP percentage of total XP
 D = Spawn monster count
 E = Non-spawn monster count
 F = Spawn count percentage of total count
 G = Total turns spent on level
                    A         B        C        D         E        F      G
               +---------+---------+-------+---------+---------+-------+---------
         Total |       0 |    8280 |   0.0 |       0 |     289 |   0.0 | 11599
               +---------+---------+-------+---------+---------+-------+---------
           D:1 |       0 |      32 |   0.0 |       0 |      20 |   0.0 |  1620
           D:2 |       0 |     126 |   0.0 |       0 |      33 |   0.0 |   829
           D:3 |       0 |     232 |   0.0 |       0 |      28 |   0.0 |   761
           D:4 |       0 |     278 |   0.0 |       0 |      20 |   0.0 |   537
           D:5 |       0 |    1865 |   0.0 |       0 |      92 |   0.0 |  2350
           D:6 |       0 |    3151 |   0.0 |       0 |      29 |   0.0 |  3483
           D:7 |       0 |    1160 |   0.0 |       0 |      32 |   0.0 |  1344
           D:8 |       0 |    1436 |   0.0 |       0 |      35 |   0.0 |   473
               +---------+---------+-------+---------+---------+-------+---------
